Atlantic City Gamblers vs Rock Island Raccoons
Created - Wednesday, March 22, 2023 at 07:37
Goals
|
| Atlantic City Gamblers |
0 |
1 |
0 |
1 |
| Rock Island Raccoons |
0 |
3 |
1 |
4 |
|
Shots
|
| Atlantic City Gamblers |
0 |
16 |
9 |
25 |
| Rock Island Raccoons |
1 |
14 |
13 |
28 |
|
1st period
No Goal
Penalties :
No Penalty
2nd period
1. Rock Island Raccoons , Andy Greene 1 (Brendan Smith 5, Luke Glendening 6) at 6:47
2. Rock Island Raccoons , Carl Hagelin 4 (Luke Glendening 7) at 7:12 (PP)
3. Rock Island Raccoons , Luke Glendening 6 (Carl Hagelin 7, Ryan Lindgren 1) at 7:45 (PP)
4. Atlantic City Gamblers , Alex Beaucage 2 (Egor Sokolov 2) at 19:08
Penalties :
Callan Foote (ACG) for Roughing (Double Minor) at 7:10, Alex Beaucage (ACG) for Hooking (Minor) at 11:06, Ryan Lindgren (RIR) for High sticking (Minor) at 17:01
3rd period
5. Rock Island Raccoons , Ryan Lindgren 1 (Mathieu Perreault 7, Andy Greene 3) at 15:27 (PP)
Penalties :
Sam Carrick (RIR) for Hooking (Minor) at 0:51, Alex Beaucage (ACG) for Roughing (Minor) at 7:01, Michael Vukojevic (ACG) for Holding (Minor) at 9:27, Alex Beaucage (ACG) for Goalie Interference (Minor) at 13:43
Goalie Stats
Tuukka Rask (ACG), 24 saves from 28 shots - (0.857), L, 2-6-0, 60:00 minutes
Braden Holtby (RIR), 24 saves from 25 shots - (0.960), W, 7-0-0, 60:00 minutes
Players Stats for Atlantic City Gamblers
Player Name G A P +/- PIM S H SB GA TA FO MP PP MP PK MP
------------------------------------------------------------------------------------
Alex Beaucage 1 0 1 1 6 2 2 0 0 0 0/0 13:48 0:00 0:00
Boris Katchouk 0 0 0 0 0 1 1 1 0 0 0/0 18:57 1:39 1:58
Callan Foote 0 0 0 -1 4 1 3 1 0 0 0/0 23:05 2:15 4:59
Cam Dineen 0 0 0 0 0 3 2 1 0 0 0/0 19:11 1:43 2:42
Cody Glass 0 0 0 -1 0 0 0 0 1 1 0/1 18:51 2:19 1:58
Egor Sokolov 0 1 1 1 0 3 2 1 0 0 0/0 15:36 0:00 1:42
Jakub Lauko 0 0 0 1 0 1 1 0 0 0 3/7 15:47 0:00 1:40
Jean-Luc Foudy 0 0 0 0 0 3 1 1 1 0 4/5 17:12 1:39 0:00
Layton Ahac 0 0 0 0 0 0 0 1 0 0 0/0 7:32 0:00 0:00
Luke Kunin 0 0 0 -1 0 2 0 1 0 0 13/29 22:46 2:19 4:45
Michael Vukojevic 0 0 0 1 2 0 1 1 0 0 0/0 11:17 0:00 0:35
Nick Henry 0 0 0 0 0 0 1 1 0 0 0/0 6:42 0:00 0:00
Nils Hoglander 0 0 0 -1 0 2 0 0 1 0 0/0 22:39 2:19 4:29
Ronald Attard 0 0 0 0 0 2 0 0 0 1 0/0 19:02 1:43 2:42
Thomas Harley 0 0 0 1 0 0 1 0 0 0 0/0 10:28 0:00 0:00
Ty Smith 0 0 0 -1 0 3 0 5 0 0 0/0 24:13 2:15 5:34
Xavier Bernard 0 0 0 0 0 0 0 0 0 0 0/0 7:32 0:00 0:00
Yegor Chinakhov 0 0 0 0 0 2 1 1 1 0 0/0 17:01 1:39 0:00
Players Stats for Rock Island Raccoons
Player Name G A P +/- PIM S H SB GA TA FO MP PP MP PK MP
------------------------------------------------------------------------------------
Alex Barre-Boulet 0 0 0 0 0 2 0 0 0 0 0/0 7:56 0:11 0:00
Andrew Ladd 0 0 0 0 0 3 0 0 0 0 1/2 19:56 3:57 1:15
Andy Greene 1 1 2 1 0 1 0 1 0 0 0/0 25:39 5:33 2:31
Ben Harpur 0 0 0 -1 0 0 3 0 0 0 0/0 13:50 0:00 0:43
Brendan Smith 0 1 1 1 0 1 4 0 0 0 0/1 17:08 4:08 1:42
Brian Boyle 0 0 0 0 0 0 1 0 0 0 0/0 11:54 0:11 0:00
Carl Hagelin 1 1 2 1 0 7 3 1 0 1 3/3 22:54 4:08 2:00
Drake Caggiula 0 0 0 -1 0 2 0 0 0 0 0/1 19:18 3:57 0:30
Dryden Hunt 0 0 0 0 0 0 3 0 0 0 0/0 3:03 0:11 0:00
Filip Chytil 0 0 0 0 0 3 0 0 0 0 2/4 12:12 0:00 0:45
Gustav Lindstrom 0 0 0 -1 0 1 1 0 0 0 0/0 19:21 2:43 0:23
Jake Walman 0 0 0 0 0 0 0 0 0 1 0/0 13:50 0:00 0:51
Logan Stanley 0 0 0 0 0 1 2 0 0 1 0/0 19:25 2:43 0:34
Luke Glendening 1 2 3 1 0 4 2 0 2 0 11/20 22:48 4:08 2:03
Mathieu Perreault 0 1 1 -1 0 1 1 1 0 0 4/9 19:58 3:57 1:10
Nate Thompson 0 0 0 0 0 0 0 1 0 0 0/0 10:58 0:00 0:00
Ryan Lindgren 1 1 2 0 2 2 0 5 0 1 0/0 24:52 5:33 1:25
Sam Carrick 0 0 0 0 2 0 3 0 0 0 1/2 10:58 0:00 0:00
3 Stars
1 - Luke Glendening (RIR)
2 - Carl Hagelin (RIR)
3 - Andy Greene (RIR)
Power Play
Atlantic City Gamblers - 0 on 2 Attempt(s) - 0.00%
Rock Island Raccoons - 3 on 6 Attempt(s) - 50.00%
Penalty Kill
Atlantic City Gamblers - 3 on 6 Attempt(s) - 50.00%
- Score 0 goal in Penalty Kill
Rock Island Raccoons - 2 on 2 Attempt(s) - 100.00%
- Score 0 goal in Penalty Kill
Team Stat
Atlantic City Gamblers - Hits : 16 - Faceoff Wins : 20 - Blocked Shots : 15 - Penalty Minutes : 12
Rock Island Raccoons - Hits : 23 - Faceoff Wins : 22 - Blocked Shots : 9 - Penalty Minutes : 4
Official
Referees : Justin StPierre and Brad Meier
Linesman : John Grandt and Steve Barton
Game Notes
No Game Note
Atlantic City Gamblers
5 vs 5 Forward
Center Left Wing Right Wing Time % Phy DF OF
1 Luke Kunin Nils Hoglander Cody Glass 40 1 2 2
2 Jean-Luc Foudy Boris Katchouk Yegor Chinakhov 30 1 2 2
3 Jakub Lauko Egor Sokolov Alex Beaucage 20 1 2 2
4 Luke Kunin Nils Hoglander Nick Henry 10 1 2 2
5 vs 5 Defense
Defense Defense Time % Phy DF OF
1 Ty Smith Callan Foote 40 1 2 2
2 Ronald Attard Cam Dineen 30 1 2 2
3 Thomas Harley Michael Vukojevic 20 1 2 2
4 Xavier Bernard Layton Ahac 10 1 2 2
PowerPlay Forward
Center Left Wing Right Wing Time % Phy DF OF
1 Luke Kunin Nils Hoglander Cody Glass 60 1 2 2
2 Jean-Luc Foudy Boris Katchouk Yegor Chinakhov 40 1 2 2
PowerPlay Defense
Defense Defense Time % Phy DF OF
1 Ty Smith Callan Foote 60 1 2 2
2 Ronald Attard Cam Dineen 40 1 2 2
Penalty Kill 4 Players Forward
Center Wing Time % Phy DF OF
1 Luke Kunin Nils Hoglander 60 1 2 2
2 Cody Glass Boris Katchouk 40 1 2 2
Penalty Kill 4 Players Defense
Defense Defense Time % Phy DF OF
1 Ty Smith Callan Foote 60 1 2 2
2 Ronald Attard Cam Dineen 40 1 2 2
Penalty Kill - 3 Players Forward
Forward Time % Phy DF OF
1 Luke Kunin 60 1 2 2
2 Nils Hoglander 40 1 2 2
Penalty Kill - 3 Players Defense
Defense Defense Time % Phy DF OF
1 Ty Smith Callan Foote 60 1 2 2
2 Ronald Attard Cam Dineen 40 1 2 2
4 vs 4 Forward
Center Wing Time % Phy DF OF
1 Luke Kunin Nils Hoglander 60 1 2 2
2 Cody Glass Boris Katchouk 40 1 2 2
4 vs 4 Defense
Defense Defense Time % Phy DF OF
1 Ty Smith Callan Foote 60 1 2 2
2 Ronald Attard Cam Dineen 40 1 2 2
Last Minutes Offensive
Center Left Wing Right Wing Defense Defense
Luke Kunin Nils Hoglander Cody Glass Ty Smith Callan Foote
Last Minutes Defensive
Center Left Wing Right Wing Defense Defense
Luke Kunin Nils Hoglander Cody Glass Ty Smith Callan Foote
Goaltenders
Starting : Tuukka Rask
Backup : Isaiah Saville
Extra Forwards
Normal : Egor Sokolov, Alex Beaucage, Jakub Lauko - PP : Egor Sokolov, Alex Beaucage - PK : Jakub Lauko
Extra Defensemen
Normal : Thomas Harley, Michael Vukojevic, Xavier Bernard - PP : Thomas Harley - PK : Michael Vukojevic, Xavier Bernard
Penalty Shots
Luke Kunin, Nils Hoglander, Cody Glass, Boris Katchouk, Yegor Chinakhov
Rock Island Raccoons
5 vs 5 Forward
Center Left Wing Right Wing Time % Phy DF OF
1 Luke Glendening Carl Hagelin Brendan Smith 40 1 2 2
2 Mathieu Perreault Andrew Ladd Drake Caggiula 30 1 2 2
3 Filip Chytil Brian Boyle Luke Glendening 20 1 2 2
4 Sam Carrick Nate Thompson Carl Hagelin 10 1 2 2
5 vs 5 Defense
Defense Defense Time % Phy DF OF
1 Ryan Lindgren Andy Greene 40 1 2 2
2 Logan Stanley Gustav Lindstrom 30 1 2 2
3 Ben Harpur Jake Walman 20 1 2 2
4 Ryan Lindgren Andy Greene 10 1 2 2
PowerPlay Forward
Center Left Wing Right Wing Time % Phy DF OF
1 Luke Glendening Carl Hagelin Brendan Smith 60 1 2 2
2 Mathieu Perreault Andrew Ladd Drake Caggiula 40 1 2 2
PowerPlay Defense
Defense Defense Time % Phy DF OF
1 Ryan Lindgren Andy Greene 60 1 2 2
2 Logan Stanley Gustav Lindstrom 40 1 2 2
Penalty Kill 4 Players Forward
Center Wing Time % Phy DF OF
1 Luke Glendening Carl Hagelin 60 1 2 2
2 Mathieu Perreault Andrew Ladd 40 1 2 2
Penalty Kill 4 Players Defense
Defense Defense Time % Phy DF OF
1 Ryan Lindgren Andy Greene 60 1 2 2
2 Logan Stanley Brendan Smith 40 1 2 2
Penalty Kill - 3 Players Forward
Forward Time % Phy DF OF
1 Luke Glendening 60 1 2 2
2 Carl Hagelin 40 1 2 2
Penalty Kill - 3 Players Defense
Defense Defense Time % Phy DF OF
1 Ryan Lindgren Andy Greene 60 1 2 2
2 Logan Stanley Brendan Smith 40 1 2 2
4 vs 4 Forward
Center Wing Time % Phy DF OF
1 Luke Glendening Carl Hagelin 60 1 2 2
2 Mathieu Perreault Andrew Ladd 40 1 2 2
4 vs 4 Defense
Defense Defense Time % Phy DF OF
1 Ryan Lindgren Andy Greene 60 1 2 2
2 Logan Stanley Brendan Smith 40 1 2 2
Last Minutes Offensive
Center Left Wing Right Wing Defense Defense
Luke Glendening Carl Hagelin Brendan Smith Ryan Lindgren Andy Greene
Last Minutes Defensive
Center Left Wing Right Wing Defense Defense
Luke Glendening Carl Hagelin Brendan Smith Ryan Lindgren Andy Greene
Goaltenders
Starting : Braden Holtby
Backup : Mikko Koskinen
Extra Forwards
Normal : Alex Barre-Boulet, Dryden Hunt, Filip Chytil - PP : Alex Barre-Boulet, Dryden Hunt - PK : Filip Chytil
Extra Defensemen
Normal : Ben Harpur, Jake Walman, Gustav Lindstrom - PP : Ben Harpur - PK : Jake Walman, Gustav Lindstrom
Penalty Shots
Luke Glendening, Carl Hagelin, Brendan Smith, Mathieu Perreault, Andrew Ladd
% Time on Ice - Atlantic City Gamblers
Lines # - Real PCT - Wanted PCT - Time Play
Normal Forward
1 - 31% - 40% - 14:51
2 - 32% - 30% - 15:03
3 - 26% - 20% - 12:13
4 - 12% - 10% - 5:39
Normal Defense
1 - 32% - 40% - 15:09
2 - 31% - 30% - 14:37
3 - 22% - 20% - 10:28
4 - 16% - 10% - 7:32
PP Forward
1 - 58% - 60% - 2:19
2 - 42% - 40% - 1:39
PP Defense
1 - 57% - 60% - 2:15
2 - 43% - 40% - 1:43
PK Forward
1 - 76% - 60% - 6:18
2 - 24% - 40% - 1:58
PK Defense
1 - 67% - 60% - 5:34
2 - 33% - 40% - 2:42
PK3 Forward
1 - 0% - 60%
2 - 0% - 40%
PK3 Defense
1 - 0% - 60%
2 - 0% - 40%
44 Forward
1 - 0% - 60%
2 - 0% - 40%
44 Defense
1 - 0% - 60%
2 - 0% - 40%
Last Minute Offensive - 0:00
Last Minute Defensive - 0:00
Total
Forward - 60:00
Defense - 60:00
|
% Time on Ice - Rock Island Raccoons
Lines # - Real PCT - Wanted PCT - Time Play
Normal Forward
1 - 23% - 40% - 10:51
2 - 31% - 30% - 14:43
3 - 24% - 20% - 11:14
4 - 23% - 10% - 10:58
Normal Defense
1 - 35% - 40% - 16:41
2 - 34% - 30% - 16:08
3 - 27% - 20% - 12:59
4 - 4% - 10% - 1:58
PP Forward
1 - 52% - 60% - 4:19
2 - 48% - 40% - 3:57
PP Defense
1 - 67% - 60% - 5:33
2 - 33% - 40% - 2:43
PK Forward
1 - 82% - 60% - 3:15
2 - 18% - 40% - 0:43
PK Defense
1 - 86% - 60% - 3:24
2 - 14% - 40% - 0:34
PK3 Forward
1 - 0% - 60%
2 - 0% - 40%
PK3 Defense
1 - 0% - 60%
2 - 0% - 40%
44 Forward
1 - 0% - 60%
2 - 0% - 40%
44 Defense
1 - 0% - 60%
2 - 0% - 40%
Last Minute Offensive - 0:00
Last Minute Defensive - 0:00
Total
Forward - 60:00
Defense - 60:00
|
Play-by-Play
1st period
0:01 of 1st period - Luke Kunin wins face-off versus Luke Glendening in neutral zone.
0:08 of 1st period - Nils Hoglander is hit by Carl Hagelin and loses puck.
3:11 of 1st period - Slapshot by Filip Chytil.
3:11 of 1st period - Stopped by Tuukka Rask with a rebound.
5:36 of 1st period - Nick Henry is hit by Sam Carrick.
5:40 of 1st period - Slapshot by Alex Barre-Boulet.
5:40 of 1st period - Shot Hit the Post.
5:42 of 1st period - Slapshot by Ryan Lindgren.
5:42 of 1st period - Shot Misses the Net.
7:04 of 1st period - Icing by Jake Walman.
7:05 of 1st period - Sam Carrick wins face-off versus Luke Kunin in Rock Island Raccoons zone.
9:44 of 1st period - Egor Sokolov is hit by Sam Carrick and loses puck.
11:24 of 1st period - Nate Thompson is hit by Michael Vukojevic and loses puck.
15:30 of 1st period - Jakub Lauko is hit by Ben Harpur.
15:48 of 1st period - Callan Foote is hit by Dryden Hunt and loses puck.
17:31 of 1st period - Andy Greene is hit by Jean-Luc Foudy and loses puck.
18:02 of 1st period - Luke Kunin is hit by Brendan Smith.
18:23 of 1st period - Jean-Luc Foudy is hit by Brian Boyle and loses puck.
19:10 of 1st period - Wrist shot by Nate Thompson.
19:10 of 1st period - Shot Blocked by Nick Henry.
19:34 of 1st period - Luke Glendening is hit by Egor Sokolov.
19:50 of 1st period - Jean-Luc Foudy is hit by Brendan Smith and loses puck.
Goals for this period are 0 for Atlantic City Gamblers vs 0 for Rock Island Raccoons.
Shots for this period are 0 for Atlantic City Gamblers vs 1 for Rock Island Raccoons.
2nd period
0:01 of 2nd period - Luke Glendening wins face-off versus Luke Kunin in neutral zone.
0:10 of 2nd period - Wrist shot by Brendan Smith.
0:10 of 2nd period - Stopped by Tuukka Rask without a rebound.
0:11 of 2nd period - Luke Glendening wins face-off versus Luke Kunin in Atlantic City Gamblers zone.
0:12 of 2nd period - Wrist shot by Carl Hagelin.
0:12 of 2nd period - Stopped by Tuukka Rask without a rebound.
0:13 of 2nd period - Carl Hagelin wins face-off versus Cody Glass in Atlantic City Gamblers zone.
0:22 of 2nd period - Slapshot by Brendan Smith.
0:22 of 2nd period - Shot Misses the Net.
0:24 of 2nd period - Slapshot by Andy Greene.
0:24 of 2nd period - Shot Misses the Net.
0:26 of 2nd period - Wrist shot by Brendan Smith.
0:26 of 2nd period - Shot Blocked by Ty Smith.
0:28 of 2nd period - Wrist shot by Carl Hagelin.
0:28 of 2nd period - Stopped by Tuukka Rask without a rebound.
0:29 of 2nd period - Jean-Luc Foudy wins face-off versus Brendan Smith in Atlantic City Gamblers zone.
0:34 of 2nd period - Snap shot by Ty Smith.
0:34 of 2nd period - Stopped by Braden Holtby without a rebound.
0:35 of 2nd period - Carl Hagelin wins face-off versus Jean-Luc Foudy in Rock Island Raccoons zone.
0:54 of 2nd period - Jean-Luc Foudy is hit by Carl Hagelin and loses puck.
0:59 of 2nd period - Wrist shot by Carl Hagelin.
0:59 of 2nd period - Shot Misses the Net.
1:01 of 2nd period - Wrist shot by Ryan Lindgren.
1:01 of 2nd period - Stopped by Tuukka Rask with a rebound.
1:03 of 2nd period - Slapshot by Andy Greene.
1:03 of 2nd period - Shot Blocked by Ty Smith.
1:05 of 2nd period - Wrist shot by Luke Glendening.
1:05 of 2nd period - Stopped by Tuukka Rask with a rebound.
1:07 of 2nd period - Wrist shot by Luke Glendening.
1:07 of 2nd period - Shot Misses the Net.
1:09 of 2nd period - Slapshot by Ryan Lindgren.
1:09 of 2nd period - Shot Blocked by Callan Foote.
1:13 of 2nd period - Slapshot by Carl Hagelin.
1:13 of 2nd period - Stopped by Tuukka Rask without a rebound.
1:14 of 2nd period - Andrew Ladd wins face-off versus Luke Kunin in Atlantic City Gamblers zone.
1:42 of 2nd period - Egor Sokolov is hit by Luke Glendening and loses puck.
2:30 of 2nd period - Snap shot by Yegor Chinakhov.
2:30 of 2nd period - Shot Blocked by Ryan Lindgren.
2:32 of 2nd period - Slapshot by Ty Smith.
2:32 of 2nd period - Stopped by Braden Holtby with a rebound.
2:34 of 2nd period - Slapshot by Jean-Luc Foudy.
2:34 of 2nd period - Stopped by Braden Holtby with a rebound.
2:36 of 2nd period - Wrist shot by Jean-Luc Foudy.
2:36 of 2nd period - Shot Misses the Net.
2:38 of 2nd period - Slapshot by Yegor Chinakhov.
2:38 of 2nd period - Stopped by Braden Holtby without a rebound.
2:39 of 2nd period - Mathieu Perreault wins face-off versus Luke Kunin in Rock Island Raccoons zone.
2:48 of 2nd period - Snap shot by Mathieu Perreault.
2:48 of 2nd period - Stopped by Tuukka Rask with a rebound.
2:50 of 2nd period - Slapshot by Logan Stanley.
2:50 of 2nd period - Stopped by Tuukka Rask without a rebound.
2:51 of 2nd period - Luke Kunin wins face-off versus Andrew Ladd in Atlantic City Gamblers zone.
3:28 of 2nd period - Snap shot by Jakub Lauko.
3:28 of 2nd period - Stopped by Braden Holtby with a rebound.
3:52 of 2nd period - Slapshot by Sam Carrick.
3:52 of 2nd period - Shot Blocked by Boris Katchouk.
3:54 of 2nd period - Slapshot by Nate Thompson.
3:54 of 2nd period - Shot Blocked by Cam Dineen.
4:18 of 2nd period - Snap shot by Filip Chytil.
4:18 of 2nd period - Shot Misses the Net.
4:20 of 2nd period - Slapshot by Ben Harpur.
4:20 of 2nd period - Shot Blocked by Egor Sokolov.
4:34 of 2nd period - Wrist shot by Nils Hoglander.
4:34 of 2nd period - Shot Blocked by Mathieu Perreault.
4:36 of 2nd period - Snap shot by Nils Hoglander.
4:36 of 2nd period - Shot Misses the Net.
4:38 of 2nd period - Snap shot by Luke Kunin.
4:38 of 2nd period - Stopped by Braden Holtby without a rebound.
4:39 of 2nd period - Luke Kunin wins face-off versus Drake Caggiula in Rock Island Raccoons zone.
4:48 of 2nd period - Snap shot by Nils Hoglander.
4:48 of 2nd period - Shot Misses the Net.
4:50 of 2nd period - Wrist shot by Cody Glass.
4:50 of 2nd period - Shot Blocked by Ryan Lindgren.
5:27 of 2nd period - Wrist shot by Jean-Luc Foudy.
5:27 of 2nd period - Stopped by Braden Holtby without a rebound.
5:28 of 2nd period - Jean-Luc Foudy wins face-off versus Luke Glendening in Rock Island Raccoons zone.
5:34 of 2nd period - Off-side.
5:35 of 2nd period - Luke Kunin wins face-off versus Luke Glendening in neutral zone.
5:48 of 2nd period - Snap shot by Carl Hagelin.
5:48 of 2nd period - Stopped by Tuukka Rask with a rebound.
5:50 of 2nd period - Wrist shot by Logan Stanley.
5:50 of 2nd period - Shot Blocked by Luke Kunin.
6:10 of 2nd period - Wrist shot by Alex Beaucage.
6:10 of 2nd period - Shot Blocked by Nate Thompson.
6:27 of 2nd period - Slapshot by Mathieu Perreault.
6:27 of 2nd period - Shot Misses the Net.
6:29 of 2nd period - Slapshot by Gustav Lindstrom.
6:29 of 2nd period - Deflect By Mathieu Perreault.
6:29 of 2nd period - Shot Misses the Net.
6:29 of 2nd period - Puck is out of play.
6:30 of 2nd period - Mathieu Perreault wins face-off versus Luke Kunin in Atlantic City Gamblers zone.
6:33 of 2nd period - Slapshot by Andrew Ladd.
6:33 of 2nd period - Shot Blocked by Ty Smith.
6:35 of 2nd period - Snap shot by Mathieu Perreault.
6:35 of 2nd period - Shot Misses the Net.
6:37 of 2nd period - Slapshot by Ryan Lindgren.
6:37 of 2nd period - Deflect By Andrew Ladd.
6:37 of 2nd period - Shot Misses the Net.
6:37 of 2nd period - Puck is out of play.
6:38 of 2nd period - Luke Glendening wins face-off versus Luke Kunin in Atlantic City Gamblers zone.
6:43 of 2nd period - Wrist shot by Luke Glendening.
6:43 of 2nd period - Shot Misses the Net.
6:45 of 2nd period - Wrist shot by Brendan Smith.
6:45 of 2nd period - Shot Misses the Net.
6:47 of 2nd period - Slapshot by Andy Greene.
6:47 of 2nd period - Goal by Andy Greene - Atlantic City Gamblers : 0 - Rock Island Raccoons : 1.
6:48 of 2nd period - Luke Kunin wins face-off versus Luke Glendening in neutral zone.
6:55 of 2nd period - Nils Hoglander is hit by Luke Glendening and loses puck.
7:02 of 2nd period - Slapshot by Luke Glendening.
7:02 of 2nd period - Stopped by Tuukka Rask with a rebound.
7:04 of 2nd period - Snap shot by Luke Glendening.
7:04 of 2nd period - Deflect By Callan Foote.
7:04 of 2nd period - Stopped by Tuukka Rask with a rebound.
7:10 of 2nd period - Double Minor Penalty to Callan Foote for Roughing.
7:11 of 2nd period - Luke Glendening wins face-off versus Luke Kunin in Atlantic City Gamblers zone.
7:12 of 2nd period - Wrist shot by Carl Hagelin.
7:12 of 2nd period - Goal by Carl Hagelin - Atlantic City Gamblers : 0 - Rock Island Raccoons : 2.
7:13 of 2nd period - Luke Glendening wins face-off versus Luke Kunin in neutral zone.
7:16 of 2nd period - Ty Smith is hit by Brendan Smith and loses puck.
7:43 of 2nd period - Snap shot by Luke Glendening.
7:43 of 2nd period - Shot Misses the Net.
7:45 of 2nd period - Snap shot by Carl Hagelin.
7:45 of 2nd period - Deflect By Luke Glendening.
7:45 of 2nd period - Goal by Luke Glendening - Atlantic City Gamblers : 0 - Rock Island Raccoons : 3.
7:46 of 2nd period - Jean-Luc Foudy wins face-off versus Luke Glendening in neutral zone.
8:36 of 2nd period - Brian Boyle is hit by Egor Sokolov and loses puck.
8:47 of 2nd period - Slapshot by Ty Smith.
8:47 of 2nd period - Stopped by Braden Holtby with a rebound.
9:24 of 2nd period - Egor Sokolov is hit by Mathieu Perreault and loses puck.
10:10 of 2nd period - Ryan Lindgren is hit by Nick Henry and loses puck.
10:23 of 2nd period - Andrew Ladd is hit by Boris Katchouk.
11:06 of 2nd period - Minor Penalty to Alex Beaucage for Hooking.
11:07 of 2nd period - Luke Kunin wins face-off versus Mathieu Perreault in Atlantic City Gamblers zone.
12:12 of 2nd period - Jakub Lauko is hit by Brendan Smith and loses puck.
13:06 of 2nd period - Penalty to Alex Beaucage is over, Alex Beaucage is back on ice.
13:29 of 2nd period - Sam Carrick is hit by Alex Beaucage and loses puck.
14:46 of 2nd period - Michael Vukojevic is hit by Logan Stanley and loses puck.
15:33 of 2nd period - Jakub Lauko is hit by Dryden Hunt.
16:08 of 2nd period - Gustav Lindstrom is hit by Cam Dineen and loses puck.
17:01 of 2nd period - Minor Penalty to Ryan Lindgren for High sticking.
17:02 of 2nd period - Luke Glendening wins face-off versus Luke Kunin in Rock Island Raccoons zone.
17:02 of 2nd period - Luke Glendening is hit by Callan Foote.
17:18 of 2nd period - Luke Glendening is hit by Callan Foote and loses puck.
17:23 of 2nd period - Slapshot by Boris Katchouk.
17:23 of 2nd period - Shot Blocked by Carl Hagelin.
17:25 of 2nd period - Snap shot by Yegor Chinakhov.
17:25 of 2nd period - Shot Blocked by Andy Greene.
17:27 of 2nd period - Wrist shot by Yegor Chinakhov.
17:27 of 2nd period - Shot Misses the Net.
18:09 of 2nd period - Yegor Chinakhov is hit by Ben Harpur and loses puck.
19:01 of 2nd period - Penalty to Ryan Lindgren is over, Ryan Lindgren is back on ice.
19:08 of 2nd period - Wrist shot by Alex Beaucage.
19:08 of 2nd period - Goal by Alex Beaucage - Atlantic City Gamblers : 1 - Rock Island Raccoons : 3.
19:09 of 2nd period - Luke Glendening wins face-off versus Jakub Lauko in neutral zone.
19:16 of 2nd period - Slapshot by Ronald Attard.
19:16 of 2nd period - Stopped by Braden Holtby with a rebound.
19:18 of 2nd period - Snap shot by Jakub Lauko.
19:18 of 2nd period - Shot Blocked by Ryan Lindgren.
19:20 of 2nd period - Backhand shot by Cam Dineen.
19:20 of 2nd period - Stopped by Braden Holtby with a rebound.
19:22 of 2nd period - Wrist shot by Jakub Lauko.
19:22 of 2nd period - Shot Misses the Net.
19:24 of 2nd period - Slapshot by Ronald Attard.
19:24 of 2nd period - Stopped by Braden Holtby without a rebound.
19:25 of 2nd period - Luke Kunin wins face-off versus Mathieu Perreault in Rock Island Raccoons zone.
19:34 of 2nd period - Slapshot by Luke Kunin.
19:34 of 2nd period - Stopped by Braden Holtby with a rebound.
19:36 of 2nd period - Slapshot by Callan Foote.
19:36 of 2nd period - Stopped by Braden Holtby with a rebound.
19:38 of 2nd period - Snap shot by Ty Smith.
19:38 of 2nd period - Shot Blocked by Ryan Lindgren.
19:50 of 2nd period - Andy Greene is hit by Alex Beaucage and loses puck.
19:55 of 2nd period - Snap shot by Egor Sokolov.
19:55 of 2nd period - Stopped by Braden Holtby with a rebound.
19:57 of 2nd period - Slapshot by Cam Dineen.
19:57 of 2nd period - Stopped by Braden Holtby without a rebound.
19:58 of 2nd period - Luke Kunin wins face-off versus Luke Glendening in Rock Island Raccoons zone.
Goals for this period are 1 for Atlantic City Gamblers vs 3 for Rock Island Raccoons.
Shots for this period are 16 for Atlantic City Gamblers vs 14 for Rock Island Raccoons.
3rd period
0:01 of 3rd period - Luke Glendening wins face-off versus Luke Kunin in neutral zone.
0:51 of 3rd period - Minor Penalty to Sam Carrick for Hooking.
0:52 of 3rd period - Luke Glendening wins face-off versus Luke Kunin in Rock Island Raccoons zone.
1:07 of 3rd period - Snap shot by Carl Hagelin.
1:07 of 3rd period - Stopped by Tuukka Rask without a rebound.
1:08 of 3rd period - Carl Hagelin wins face-off versus Luke Kunin in Atlantic City Gamblers zone.
1:16 of 3rd period - Slapshot by Nils Hoglander.
1:16 of 3rd period - Stopped by Braden Holtby without a rebound.
1:17 of 3rd period - Luke Kunin wins face-off versus Luke Glendening in Rock Island Raccoons zone.
1:58 of 3rd period - Snap shot by Andrew Ladd.
1:58 of 3rd period - Stopped by Tuukka Rask with a rebound.
2:00 of 3rd period - Slapshot by Brendan Smith.
2:00 of 3rd period - Shot Blocked by Yegor Chinakhov.
2:02 of 3rd period - Snap shot by Andrew Ladd.
2:02 of 3rd period - Shot Blocked by Ty Smith.
2:51 of 3rd period - Penalty to Sam Carrick is over, Sam Carrick is back on ice.
3:04 of 3rd period - Wrist shot by Egor Sokolov.
3:04 of 3rd period - Stopped by Braden Holtby with a rebound.
3:06 of 3rd period - Slapshot by Cam Dineen.
3:06 of 3rd period - Stopped by Braden Holtby without a rebound.
3:07 of 3rd period - Jakub Lauko wins face-off versus Sam Carrick in Rock Island Raccoons zone.
3:14 of 3rd period - Egor Sokolov is hit by Sam Carrick and loses puck.
3:40 of 3rd period - Off-side.
3:41 of 3rd period - Jean-Luc Foudy wins face-off versus Filip Chytil in neutral zone.
3:48 of 3rd period - Luke Glendening is hit by Callan Foote and loses puck.
4:38 of 3rd period - Slapshot by Nate Thompson.
4:38 of 3rd period - Shot Blocked by Ty Smith.
4:40 of 3rd period - Slapshot by Gustav Lindstrom.
4:40 of 3rd period - Stopped by Tuukka Rask with a rebound.
5:21 of 3rd period - Nate Thompson is hit by Cam Dineen.
5:32 of 3rd period - Andy Greene is hit by Yegor Chinakhov.
5:34 of 3rd period - Snap shot by Filip Chytil.
5:34 of 3rd period - Stopped by Tuukka Rask with a rebound.
6:44 of 3rd period - Snap shot by Brian Boyle.
6:44 of 3rd period - Shot Misses the Net.
6:46 of 3rd period - Snap shot by Alex Barre-Boulet.
6:46 of 3rd period - Shot Misses the Net.
6:48 of 3rd period - Snap shot by Brian Boyle.
6:48 of 3rd period - Deflect By Alex Barre-Boulet.
6:48 of 3rd period - Stopped by Tuukka Rask with a rebound.
6:50 of 3rd period - Snap shot by Alex Barre-Boulet.
6:50 of 3rd period - Stopped by Tuukka Rask without a rebound.
6:51 of 3rd period - Jakub Lauko wins face-off versus Filip Chytil in Atlantic City Gamblers zone.
7:01 of 3rd period - Minor Penalty to Alex Beaucage for Roughing.
7:02 of 3rd period - Luke Kunin wins face-off versus Luke Glendening in Atlantic City Gamblers zone.
7:40 of 3rd period - Snap shot by Andrew Ladd.
7:40 of 3rd period - Stopped by Tuukka Rask with a rebound.
8:02 of 3rd period - Ronald Attard is hit by Gustav Lindstrom and loses puck.
9:01 of 3rd period - Penalty to Alex Beaucage is over, Alex Beaucage is back on ice.
9:06 of 3rd period - Slapshot by Cam Dineen.
9:06 of 3rd period - Shot Blocked by Ryan Lindgren.
9:08 of 3rd period - Wrist shot by Yegor Chinakhov.
9:08 of 3rd period - Stopped by Braden Holtby with a rebound.
9:10 of 3rd period - Slapshot by Boris Katchouk.
9:10 of 3rd period - Stopped by Braden Holtby with a rebound.
9:12 of 3rd period - Wrist shot by Boris Katchouk.
9:12 of 3rd period - Deflect By Jean-Luc Foudy.
9:12 of 3rd period - Stopped by Braden Holtby without a rebound.
9:13 of 3rd period - Filip Chytil wins face-off versus Jakub Lauko in Rock Island Raccoons zone.
9:18 of 3rd period - Snap shot by Jake Walman.
9:18 of 3rd period - Deflect By Brian Boyle.
9:18 of 3rd period - Shot Blocked by Michael Vukojevic.
9:18 of 3rd period - Puck is out of play.
9:19 of 3rd period - Filip Chytil wins face-off versus Jakub Lauko in Atlantic City Gamblers zone.
9:27 of 3rd period - Minor Penalty to Michael Vukojevic for Holding.
9:28 of 3rd period - Luke Glendening wins face-off versus Luke Kunin in Atlantic City Gamblers zone.
9:30 of 3rd period - Snap shot by Carl Hagelin.
9:30 of 3rd period - Stopped by Tuukka Rask without a rebound.
9:31 of 3rd period - Luke Kunin wins face-off versus Luke Glendening in Atlantic City Gamblers zone.
9:42 of 3rd period - Snap shot by Nils Hoglander.
9:42 of 3rd period - Stopped by Braden Holtby with a rebound.
11:27 of 3rd period - Penalty to Michael Vukojevic is over, Michael Vukojevic is back on ice.
12:03 of 3rd period - Wrist shot by Sam Carrick.
12:03 of 3rd period - Shot Blocked by Jean-Luc Foudy.
13:43 of 3rd period - Minor Penalty to Alex Beaucage for Goalie Interference.
13:44 of 3rd period - Mathieu Perreault wins face-off versus Luke Kunin in Atlantic City Gamblers zone.
13:47 of 3rd period - Snap shot by Mathieu Perreault.
13:47 of 3rd period - Shot Misses the Net.
13:49 of 3rd period - Slapshot by Ryan Lindgren.
13:49 of 3rd period - Deflect By Drake Caggiula.
13:49 of 3rd period - Stopped by Tuukka Rask without a rebound.
13:50 of 3rd period - Luke Kunin wins face-off versus Mathieu Perreault in Atlantic City Gamblers zone.
14:37 of 3rd period - Boris Katchouk is hit by Logan Stanley.
14:57 of 3rd period - Wrist shot by Egor Sokolov.
14:57 of 3rd period - Stopped by Braden Holtby without a rebound.
14:58 of 3rd period - Mathieu Perreault wins face-off versus Jakub Lauko in Rock Island Raccoons zone.
15:05 of 3rd period - Wrist shot by Andrew Ladd.
15:05 of 3rd period - Stopped by Tuukka Rask with a rebound.
15:07 of 3rd period - Wrist shot by Drake Caggiula.
15:07 of 3rd period - Stopped by Tuukka Rask without a rebound.
15:08 of 3rd period - Luke Kunin wins face-off versus Mathieu Perreault in Atlantic City Gamblers zone.
15:27 of 3rd period - Slapshot by Ryan Lindgren.
15:27 of 3rd period - Goal by Ryan Lindgren - Atlantic City Gamblers : 1 - Rock Island Raccoons : 4.
15:28 of 3rd period - Luke Glendening wins face-off versus Luke Kunin in neutral zone.
16:21 of 3rd period - Snap shot by Jakub Lauko.
16:21 of 3rd period - Shot Misses the Net.
16:23 of 3rd period - Snap shot by Alex Beaucage.
16:23 of 3rd period - Stopped by Braden Holtby with a rebound.
16:56 of 3rd period - Jean-Luc Foudy is hit by Carl Hagelin and loses puck.
17:01 of 3rd period - Snap shot by Carl Hagelin.
17:01 of 3rd period - Shot Misses the Net.
17:37 of 3rd period - Snap shot by Filip Chytil.
17:37 of 3rd period - Stopped by Tuukka Rask with a rebound.
17:47 of 3rd period - Ben Harpur is hit by Jakub Lauko and loses puck.
18:45 of 3rd period - Backhand shot by Ryan Lindgren.
18:45 of 3rd period - Shot Blocked by Layton Ahac.
19:07 of 3rd period - Egor Sokolov is hit by Ben Harpur and loses puck.
19:24 of 3rd period - Ty Smith is hit by Dryden Hunt and loses puck.
19:38 of 3rd period - Logan Stanley is hit by Thomas Harley.
19:45 of 3rd period - Icing by Egor Sokolov.
19:46 of 3rd period - Jakub Lauko wins face-off versus Mathieu Perreault in Atlantic City Gamblers zone.
Goals for this period are 0 for Atlantic City Gamblers vs 1 for Rock Island Raccoons.
Shots for this period are 9 for Atlantic City Gamblers vs 13 for Rock Island Raccoons.
Back to the Top